 Dungeon Crawl Stone Soup version 0.29-a0-813-g4a14ea37d6 (webtiles) character file.

Game seed: 12426163746313133841

4 LynnLen the Sneak (level 1, 0/10 HPs)
             Began as a Vampire Enchanter on July 5, 2022.
             Slain by a ball python (2 damage)
             ... on level 1 of the Dungeon.
             The game lasted 00:00:46 (78 turns).

LynnLen the Sneak (Vampire Enchanter)                 Turns: 78, Time: 00:00:46

Health: 0/10       AC:  2    Str:  7    XL:     1   Next: 58%
Magic:  3/3        EV: 12    Int: 17    God:
Gold:   0          SH:  0    Dex: 14    Spells: 4/4 levels left

rFire   . . .      SeeInvis +   a - +1 dagger
rCold   + + .      Faith    .   (no shield)
rNeg    + + +      Spirit   .   b - +0 robe
rPois   ∞          Reflect  .   (no helmet)
rElec   .          Harm     .   (no cloak)
rCorr   .          Rampage  .   (no gloves)
Will    .....                   (no boots)
Stlth   +++++.....              (no amulet)
HPRegen 0.00/turn               (no ring)
MPRegen 0.08/turn               (no ring)

@: bloodless, inhibited regen
A: bloodless, fangs 3, see invisible, vampiric 1
a: Revivify


You were on level 1 of the Dungeon.
You visited 1 branch of the dungeon, and saw 1 of its levels.

Inventory:

Hand Weapons
 a - a +1 dagger (weapon)
Missiles
 d - 3 atropa-tipped darts (quivered)
Armour
 b - a +0 robe (worn)
Potions
 c - 2 potions of invisibility


   Skills:
 + Level 1.1 Short Blades
 * Level 2.2 Dodging
 * Level 4.7 Stealth
 + Level 2.0 Spellcasting
 + Level 4.5 Hexes


You had 4 spell levels left.
You didn't know any spells.
Your spell library contained the following spells:

 Spells                   Type           Power      Damage    Failure   Level
 Confusing Touch          Hex            17%        N/A       9%          3
 Tukima's Dance           Hex            17%        N/A       9%          3
 Ensorcelled Hibernation  Hex/Ice        18%        N/A       12%         2
 Dazzling Flash           Conj/Hex       18%        N/A       22%         3


Dungeon Overview and Level Annotations

Branches:
Dungeon (1/15)

Altars:


Innate Abilities, Weirdness & Mutations

You do not regenerate when monsters are visible.
You are frail without blood (-20% HP).
You can heal yourself when you bite living creatures.
You are immune to poison.
You have razor-sharp teeth.
You have supernaturally acute eyesight. (SInv)
You are afflicted with vampirism.


Message History

You are frozen.
You resist.
You hit the ball python.
You kill the ball python!
The endoplasm barely misses you.
You hit the endoplasm but do no damage. The endoplasm freezes you.
You are frozen.
You resist.
You hit the endoplasm. You bite the endoplasm.
The endoplasm is severely wounded.
The endoplasm hits you.
You hit the endoplasm.
You kill the endoplasm!
You see here a frilled lizard corpse.
A kobold comes into view. It is wielding a +0 whip.
A kobold comes into view. It is wielding a +0 dagger.
You see here 3 atropa-tipped darts.
d - 3 atropa-tipped darts
Okay, then.
The kobold shouts! x2
The kobold completely misses you.
You hear an angry hiss.
You closely miss the kobold.
The kobold throws a stone.
The stone barely misses you. The kobold hits you but does no damage.
A ball python comes into view.
You barely miss the kobold.
The kobold throws a stone.
The stone barely misses you. The kobold hits you with a +0 whip.
Ouch! That really hurt!
* * * LOW HITPOINT WARNING * * *
A ball python comes into view.
You hit the kobold. You bite the kobold.
You kill the kobold!
Things that are here:
a +0 whip; 2 stones You hit the ball python.
The ball python is severely wounded.
The ball python closely misses you. The ball python completely misses you.
You barely miss the ball python.
The ball python is severely wounded.
The ball python bites you.
You die...

...##...###...#.####...
...##....#....#.# ..#
.####...#.#.....## ..#
# #............# ...#
#.........##.###...#
#.###..##...........
..# #..##...........
#.# . .###...SKS....
###@###...# ........#
...# ######### ..


You could see 2 ball pythons and a kobold.

Vanquished Creatures
  A ball python (D:1)
  An endoplasm (D:1)
  A kobold (D:1)
  A frilled lizard (D:1)
4 creatures vanquished.

Notes
Turn   | Place    | Note
-------+----------+-------------------------------------------
     0 | D:1      | LynnLen the Vampire Enchanter began the quest for the Orb.
     0 | D:1      | Reached XP level 1. HP: 13/13 MP: 3/3
    78 | D:1      | Slain by a ball python

Illustrated notes

Levels and vault maps discovered:
D:1:      sevenhm_arrival_forest_fort_small_6, layout_loops_cross

Action                   || total
-------------------------++-------
Melee: Dagger            ||    12
       Bite              ||     2
 Abil: Exsanguinate      ||     1
 Stab: Sleeping          ||     1
Armor: Robe              ||     2
Dodge: Dodged            ||     9

Table legend: (Time is in decaauts)
 A = Elapsed time spent in this place.
 B = Non-inter-level travel time spent in this place.
 C = Inter-level travel time spent in this place.
 D = Time resting spent in this place.
 E = Time spent auto-exploring this place.
 F = Levels seen in this place.
 G = Mean time per level.
                   A        B        C        D        E       F      G
               +--------+--------+--------+--------+--------+-----+--------+
         Total |     77 |     77 |      0 |      0 |     18 |   1 |   77.0 |
       Dungeon |     77 |     77 |      0 |      0 |     18 |   1 |   77.0 |
               +--------+--------+--------+--------+--------+-----+--------+

Top non-repeatable levels by time:
     D:1: 77 daAuts
